 Dungeon Crawl Stone Soup version 0.18-a0-1689-g473dde0 (webtiles) character file.

4704 Eucla the Martial Artist (level 10, -4/55 HPs)
             Began as a Vine Stalker Monk on Apr 5, 2016.
             Was an Elder of Fedhas.
             Killed by divine providence
             ... invoked by an orc high priest
              (10 damage)
             ... in a bailey.
             The game lasted 00:14:42 (7030 turns).

Eucla the Martial Artist (Vine Stalker Monk)        Turns: 7030, Time: 00:14:43

Health: -4/55      AC: 10    Str: 17    XL:     10   Next: 45%
Magic:  0/20       EV: 13    Int:  8    God:    Fedhas [****..]
Gold:   511        SH:  7    Dex: 17    Spells: 0 memorised, 9 levels left

rFire  . . .     SeeInvis +       - Unarmed
rCold  . . .     Gourm    .     e - +0 ring mail
rNeg   . . .     Faith    .     l - +1 buckler
rPois  .         Spirit   +     (helmet restricted)
rElec  .         Dismiss  .     r - +2 cloak
rCorr  .         Reflect  .     G - +0 pair of gloves
SustAt .         Harm     .     (no boots)
MR     ++...                    (no amulet)
Stlth  +.........               A - ring of magical power
                                E - ring of protection from magic

@: very slightly contaminated, invisible, very resistant to hostile
enchantments, very unstealthy
A: fangs 3, hooves 1, horns 1, see invisible, dopey 1, regeneration 2, magic
shield, antimagic bite, no device heal 3, rot immunity
a: Evolution, Sunlight, Growth, Reproduction, Renounce Religion


You were in a bailey.
You worshipped Fedhas.
Fedhas was greatly pleased with you.
You were not hungry.

You visited 1 branch of the dungeon, and saw 9 of its levels.
You also visited: Bailey.

You collected 511 gold pieces.

Inventory:

Hand Weapons
 v - the +1 scythe of Sloth {speed, rPois rC+++ MR- MP+9}
   (You found it on level 9 of the Dungeon)

   Attacks with this weapon are significantly faster.
   It renders you almost immune to cold.
   It protects you from poison.
   It affects your resistance to hostile enchantments.
   It affects your magic capacity (+9).
Armour
 e - a +0 ring mail (worn)
 l - a +1 buckler (worn)
 r - a +2 cloak (worn)
 D - a +1 helmet of intelligence
 G - a +0 pair of gloves (worn)
Jewellery
 h - an uncursed ring of positive energy
 j - an uncursed ring of see invisible
 A - a ring of magical power (right hand)
 E - a ring of protection from magic (left hand)
Wands
 d - a wand of lightning (7/15)
 x - a wand of lightning (7/15)
 y - a wand of iceblast (11/15)
Scrolls
 g - 2 scrolls of magic mapping
 i - 3 scrolls of teleportation
 t - 2 scrolls of enchant armour
 C - 2 scrolls of remove curse
 F - a scroll of fog
Potions
 f - a potion of lignification
 m - 3 potions of curing
 n - a potion of brilliance
 p - 2 potions of flight
Books
 o - a book of Burglary

   Spells                             Type                      Level
   a - Swiftness                      Charms/Air                   2
   b - Passwall                       Transmutation/Earth          2
   c - Passage of Golubria            Translocation                4
   d - Lee's Rapid Deconstruction     Earth                        5
   e - Darkness                       Hexes                        6
   f - Invisibility                   Hexes                        6
Comestibles
 b - 3 bread rations
 s - 4 fruits
 u - 2 meat rations
 z - a beef jerky


   Skills:
 + Level 7.2 Fighting
 + Level 3.4 Armour
 + Level 4.1 Dodging
 - Level 2.4 Stealth
 - Level 5.2 Shields
 * Level 10.8 Unarmed Combat


You had 9 spell levels left.
You didn't know any spells.

Dungeon Overview and Level Annotations

Branches:
Dungeon (9/15)             Temple (0/1) D:7             Orc (0/2) D:9
   Lair: D:8-11

Altars:
Dithmenos
Elyvilon
Fedhas
Makhleb
Nemelex Xobeh
Sif Muna
Yredelemnul
The Shining One

Shops:
D:4 =

Annotations:
D:4 1 runed door


Innate Abilities, Weirdness & Mutations

You have razor-sharp teeth.
You heal very quickly.
When hurt, damage is shared between your health and your magic reserves.
Your bite disrupts and absorbs the magic of your enemies.
Potions and wands cannot restore your health.
You are immune to rotting.
You have large cloven feet.
You have a pair of small horns on your head.
You have supernaturally acute eyesight.
You are dopey. (Int -2)


Message History

Unknown command.
Unknown command.
Drink which item? (? for menu, Esc to quit)
You fade into invisibility!
You hear a distant "Zot"!
The chaos spawn gores you!
* * * LOW HITPOINT WARNING * * *
The chaos spawn shocks you.
* * * LOW HITPOINT WARNING * * *
You are very lightly contaminated with residual magic.
Unknown command.
Drink which item? (? for menu, Esc to quit)
You have no ailments to cure.
You hear a distant "Zot"!
There is a large open door here.
The orc high priest utters an invocation to Beogh.
The orc high priest invokes the aid of Beogh against you.
Beogh smites you!
You die...
Fedhas appreciates your contribution to the ecosystem.

#≈≈≈≈≈# ###≈≈≈≈≈# #.≈≈≈≈≈≈#
#.≈≈≈≈≈.######
####++#.≈≈≈≈≈......#
#....##.....#.≈≈≈≈≈......###
#....##.....)..............#
#._..##..⌠..)).........∩../# ##
#....##.....@..............#
#..#....##.....#.≈≈≈≈≈......###
#..#....#####3'#.≈≈≈≈≈......#
#%%#..)o#...o..#.≈≈≈≈≈.######
#....#.og...#.≈≈≈≈≈≈#
##.goo...######≈≈≈≈≈#
..o'.838.8.# #≈≈≈≈≈#
o.gg#..o....# #≈≈≈≈≈# ###
#+####### #≈≈≈≈≈


You could see an orc high priest, a chaos spawn, 2 orcs and a goblin.

Vanquished Creatures
  Pikel (D:6)
  An orc sorcerer (Bailey)
  The ghost of slashem the Chopper, a novice DsGl (D:5)
  Duvessa (D:7)
  An orc warrior (D:8)
  A phantom (D:5)
  2 sky beasts
  A slave (D:6)
  An eye of draining (D:9)
  An ice beast (D:7)
  2 necrophages
  8 ogres
  A centaur (D:5)
  A big kobold (D:7)
  2 giant frogs
  Dowan (D:7)
  A scorpion (D:7)
  10 wights (D:7)
  An electric eel (Bailey)
  2 crimson imps
  A giant frog zombie (D:6)
  6 howler monkeys
  2 jellies (D:8)
  A quasit (D:8)
  4 hounds
  3 orc priests
  Crazy Yiuf (D:7)
  A gnoll shaman (D:6)
  An iguana (D:7)
  5 orc wizards
  4 worker ants
  A hound zombie (D:5)
  2 howler monkey zombies
  A worker ant zombie (D:6)
  Robin (D:4)
  6 gnolls (D:6)
  8 adders
  2 shadow imps
  An ooze (D:1)
  A worm (D:2)
  2 dart slugs (D:2)
  2 giant geckos
  37 orcs
  3 bats
  7 giant cockroaches
  21 goblins
  8 hobgoblins
  11 jackals
  A quokka (D:4)
  A giant gecko skeleton (D:4)
  4 giant newts
  12 kobolds
  12 rats
213 creatures vanquished.

Vanquished Creatures (others)
  A slave (D:6)
  A worker ant (D:6)
  3 gnolls (D:6)
  103 toadstools
108 creatures vanquished.

Grand Total: 321 creatures vanquished

Notes
Turn   | Place    | Note
--------------------------------------------------------------
     0 | D:1      | Eucla the Vine Stalker Monk began the quest for the Orb.
     0 | D:1      | Reached XP level 1. HP: 11/11 MP: 2/2
   114 | D:1      | Reached XP level 2. HP: 16/16 MP: 3/3
   517 | D:1      | Reached XP level 3. HP: 14/19 MP: 4/4
   764 | D:2      | Found a shadowy altar of Dithmenos.
  1599 | D:3      | Reached XP level 4. HP: 24/24 MP: 5/5
  1664 | D:3      | Reached skill level 1 in Shields
  2463 | D:4      | Reached skill level 5 in Unarmed Combat
  2463 | D:4      | Reached XP level 5. HP: 21/28 MP: 6/6
  2641 | D:4      | Found a runed door.
  2642 | D:4      | Found a glowing golden altar of the Shining One.
  2644 | D:4      | Noticed an angel
  2721 | D:4      | Noticed an ogre
  2729 | D:4      | Gained mutation: You heal very quickly. [Vine Stalker growth]
  2729 | D:4      | Reached XP level 6. HP: 33/33 MP: 7/7
  2750 | D:4      | Reached skill level 6 in Unarmed Combat
  2836 | D:4      | Found Ciheix's Jewellery Boutique.
  2956 | D:4      | Gained mutation: You have supernaturally acute eyesight. [potion of beneficial mutation]
  2963 | D:4      | Reached XP level 7. HP: 25/37 MP: 5/8
  3111 | D:4      | Found a deep blue altar of Sif Muna.
  3153 | D:4      | Noticed Robin
  3166 | D:4      | Killed Robin
  3177 | D:4      | Found a burning altar of Makhleb.
  3178 | D:4      | Found a blossoming altar of Fedhas.
  3178 | D:4      | Found a shadowy altar of Dithmenos.
  3178 | D:4      | Found a glowing golden altar of the Shining One.
  3178 | D:4      | Found a sparkling altar of Nemelex Xobeh.
  3180 | D:4      | Found a white marble altar of Elyvilon.
  3209 | D:4      | Became a worshipper of Fedhas Madash
  3209 | D:4      | Reached * piety under Fedhas
  3209 | D:4      | Reached ** piety under Fedhas
  3531 | D:5      | Entered Level 5 of the Dungeon
  3816 | D:5      | Reached skill level 7 in Unarmed Combat
  3832 | D:5      | Gained mutation: You have razor-sharp teeth. [Vine Stalker growth]
  3832 | D:5      | Reached XP level 8. HP: 42/42 MP: 9/9
  4102 | D:5      | Noticed slashem's ghost (novice DsGl)
  4110 | D:5      | Gained mutation: You have large cloven feet. [potion of mutation]
  4110 | D:5      | Gained mutation: You are dopey. (Int -2) [potion of mutation]
  4110 | D:5      | Gained mutation: You have a pair of small horns on your head. [potion of mutation]
  4128 | D:5      | Killed slashem's ghost
  4128 | D:5      | Reached skill level 5 in Fighting
  4376 | D:6      | Reached skill level 8 in Unarmed Combat
  4438 | D:6      | Noticed Pikel
  4461 | D:6      | Killed Pikel
  4461 | D:6      | Reached skill level 9 in Unarmed Combat
  4461 | D:6      | Reached XP level 9. HP: 20/48 MP: 6/10
  4646 | D:6      | Found a basalt altar of Yredelemnul.
  4660 | D:6      | Reached skill level 5 in Shields
  4662 | D:6      | Reached *** piety under Fedhas
  5237 | D:7      | Reached skill level 1 in Armour
  5519 | D:7      | Reached skill level 10 in Unarmed Combat
  5786 | D:7      | Found a staircase to the Ecumenical Temple.
  5896 | D:7      | Noticed Duvessa
  5896 | D:7      | Noticed Dowan
  5906 | D:7      | Killed Duvessa
  5906 | D:7      | Reached XP level 10. HP: 53/53 MP: 11/11
  5920 | D:7      | Killed Dowan
  5996 | D:7      | Noticed Crazy Yiuf
  6001 | D:7      | Killed Crazy Yiuf
  6306 | D:8      | Reached **** piety under Fedhas
  6815 | D:9      | Found a flagged portal.
  6830 | D:9      | Got an iridescent scythe
  6836 | Bailey   | Entered a bailey
  6842 | Bailey   | Identified the +1 scythe of Sloth {speed, rPois rC+++ MR- MP+9} (You found it on level 9 of the Dungeon)
  7009 | Bailey   | Found an iron altar of Okawaru.
  7009 | Bailey   | Noticed an orc sorcerer
  7009 | Bailey   | Noticed an orc high priest
  7013 | Bailey   | Noticed a smoke demon
  7016 | Bailey   | Noticed a rust devil
  7017 | Bailey   | Killed an orc sorcerer
  7024 | Bailey   | HP: 2/55 [chaos spawn[an orc high priest] (5)]
  7030 | Bailey   | Killed from afar by an orc high priest

Vault maps used:
D:1:      evilmike_arrival_rings
D:2:      minmay_tree_intersection, nicolae_dithmenos_through_a_glass_darkly
D:3:      first_bread
D:4:      minitemple, serial_shops, kennysheep_mini_moat, lemuel_angel_altar,
          uniq_robin
D:6:      old_standard_altar, nrook_mini_vaults, columned_hall_lemuel,
          roderic_lattice_a, uniq_pikel
D:7:      minmay_temple_entry_nine_rooms, uniq_crazy_yiuf_cottage, uniq_duvessa
D:9:      evilmike_ruin_ashenzari, erik_orc_1, enter_bailey_1
Bailey:   bailey_axe_of_yendor_kennysheep, bailey

Skill      XL: |  1  2  3  4  5  6  7  8  9 10 |
---------------+-------------------------------+-----
Fighting       | 3 4 6 7 |  7.2
Shields        | 1 2 3 4 5 |  5.2
Unarmed Combat | 5 6 7 9 10 | 10.8
Armour         | 2 3 |  3.4
Dodging        | 3 4 |  4.1
Stealth        | |  2.4

Action                   |  1- 3 |  4- 6 |  7- 9 | 10-12 || total
-------------------------+-------+-------+-------+-------++-------
Melee: Unarmed           |   105 |   160 |   376 |   123 ||   764
Evoke: Wand              |       |       |       |     1 ||     1
  Use: Scroll            |     6 |     1 |     6 |     6 ||    19
       Potion            |       |     1 |     6 |     1 ||     8
 Stab: Sleeping          |     1 |       |     1 |       ||     2
       Distracted        |     1 |       |       |       ||     1
  Eat: Chunk             |     1 |       |     6 |       ||     7
       Meat ration       |     1 |       |       |     1 ||     2
       Pizza             |       |       |     2 |       ||     2
       Royal jelly       |       |       |     1 |       ||     1
